| TOP OF THE 1ST |
|
Kelowna Heat batting - Pitching for Amarillo ThunderHeads : RHP Manny Campos
|
|
Pitching: RHP Manny Campos
|
|
|
Batting: RHB Sadataka Kuwahara
|
0-0: Called Strike 0-1: Foul Ball, location: 2F 0-2: Foul Ball, location: 2F 0-2: Foul Ball, location: 2F 0-2: Ball 1-2: SOLO HOME RUN (Flyball, 7D, EV 99.4 MPH), Distance : 364 ft
|
|
Batting: RHB Malik Sharpless
|
0-0: Ball 1-0: Ball 2-0: Foul Ball, location: 2F 2-1: Foul Ball, location: 2F 2-2: Ball 3-2: Base on Balls
|
|
Batting: LHB Chris West
|
0-0: Ball 1-0: Ground out 4-3 (Groundball, 34D, EV 105.6 MPH) Malik Sharpless to second
|
|
Batting: RHB Frank Pena
|
0-0: Foul Ball, location: 2F 0-1: Ball 1-1: Foul Ball, location: 2F 1-2: Fly out, F9 (Flyball, 9S, EV 93.8 MPH)
|
|
Batting: LHB Steve Nevis
|
0-0: Swinging Strike 0-1: Ball 1-1: Fly out, F7 (Flyball, 78S, EV 90.6 MPH)
|
| Top of the 1st over - 1 run, 1 hit, 0 errors, 1 left on base; Kelowna 1 - Amarillo 0 |
| BOTTOM OF THE 1ST |
|
Amarillo ThunderHeads batting - Pitching for Kelowna Heat : RHP Dan Giles
|
|
Pitching: RHP Dan Giles
|
|
|
Batting: SHB Tim Rogers
|
0-0: Called Strike 0-1: Ball 1-1: Ball 2-1: Foul Ball, location: 2F 2-2: Ball 3-2: Foul Ball, location: 2F 3-2: Strikes out looking
|
|
Batting: RHB Luis Reyna
|
0-0: Called Strike 0-1: Called Strike 0-2: SINGLE (Groundball, 5S, EV 70.0 MPH) (infield hit)
|
|
Batting: RHB Nick Solberg
|
0-0: Ball 1-0: Called Strike 1-1: DOUBLE (Groundball, 5L, EV 105.0 MPH) Luis Reyna to third Runner from 3rd tries for Home, SAFE, no throw by LF
|
|
Batting: SHB Zack Barton
|
0-0: Ground out U3 (Groundball, 3S, EV 70.6 MPH) Nick Solberg to third
|
|
Batting: RHB Jerry Foster
|
0-0: Called Strike 0-1: Ground out 5-3 (Groundball, 5, EV 93.1 MPH)
|
| Bottom of the 1st over - 1 run, 2 hits, 0 errors, 1 left on base; Kelowna 1 - Amarillo 1 |
| TOP OF THE 2ND |
|
Kelowna Heat batting - Pitching for Amarillo ThunderHeads : RHP Manny Campos
|
|
Batting: RHB Josh Truell
|
0-0: Ball 1-0: Called Strike 1-1: Foul Ball, location: 2F 1-2: Foul Ball, location: 2F 1-2: Foul Ball, location: 2F 1-2: Foul Ball, location: 2F 1-2: Ball 2-2: Foul Ball, location: 2F 2-2: Ball 3-2: Strikes out swinging
|
|
Batting: RHB Bob Schweiger
|
0-0: Called Strike 0-1: Ball 1-1: Ball 2-1: Called Strike 2-2: Strikes out swinging
|
|
Batting: RHB Miguel Gonzalez
|
0-0: Foul Ball, location: 2F 0-1: Foul Ball, location: 2F 0-2: Strikes out swinging
|
| Top of the 2nd over - 0 runs, 0 hits, 0 errors, 0 left on base; Kelowna 1 - Amarillo 1 |
| BOTTOM OF THE 2ND |
|
Amarillo ThunderHeads batting - Pitching for Kelowna Heat : RHP Dan Giles
|
|
Batting: RHB Luis Solorzano
|
0-0: Called Strike 0-1: Ball 1-1: Ground out 4-3 (Groundball, 4D, EV 102.5 MPH)
|
|
Batting: LHB Santino Pisanello
|
0-0: Fly out, F7 (Flyball, 7S, EV 76.2 MPH)
|
|
Batting: RHB Ferdi Schipper
|
0-0: Ball 1-0: Ground out 6-3 (Groundball, 4M, EV 105.0 MPH)
|
| Bottom of the 2nd over - 0 runs, 0 hits, 0 errors, 0 left on base; Kelowna 1 - Amarillo 1 |
| TOP OF THE 3RD |
|
Kelowna Heat batting - Pitching for Amarillo ThunderHeads : RHP Manny Campos
|
|
Batting: RHB Ryan Hoagland
|
0-0: Ground out 5-3 (Groundball, 5, EV 82.5 MPH)
|
|
Batting: RHB Sadataka Kuwahara
|
0-0: Ball 1-0: Ball 2-0: Called Strike 2-1: Ball 3-1: Ground out 6-3 (Groundball, 6, EV 94.4 MPH)
|
|
Batting: RHB Malik Sharpless
|
0-0: Called Strike 0-1: Swinging Strike 0-2: Ball 1-2: Ball 2-2: Ball 3-2: Foul Ball, location: 2F 3-2: Base on Balls
|
|
Batting: LHB Chris West
|
0-0: Ball 1-0: Ball 2-0: Called Strike 2-1: Foul Ball, location: 2F 2-2: Foul Ball, location: 2F 2-2: Strikes out swinging
|
| Top of the 3rd over - 0 runs, 0 hits, 0 errors, 1 left on base; Kelowna 1 - Amarillo 1 |
| BOTTOM OF THE 3RD |
|
Amarillo ThunderHeads batting - Pitching for Kelowna Heat : RHP Dan Giles
|
|
Batting: SHB Tyler Romo
|
0-0: Ball 1-0: Foul Ball, location: 2F 1-1: Fly out, F8 (Flyball, 8RD, EV 101.9 MPH)
|
|
Batting: SHB Tim Rogers
|
0-0: Called Strike 0-1: Foul Ball, location: 2F 0-2: Ball 1-2: Fly out, F9 (Flyball, 9LS, EV 78.8 MPH)
|
|
Batting: RHB Luis Reyna
|
0-0: Foul Ball, location: 2F 0-1: Foul Ball, location: 2F 0-2: Ball 1-2: Foul Ball, location: 2F 1-2: Ball 2-2: Ball 3-2: Strikes out swinging
|
| Bottom of the 3rd over - 0 runs, 0 hits, 0 errors, 0 left on base; Kelowna 1 - Amarillo 1 |
| TOP OF THE 4TH |
|
Kelowna Heat batting - Pitching for Amarillo ThunderHeads : RHP Manny Campos
|
|
Batting: RHB Frank Pena
|
0-0: Called Strike 0-1: Ball 1-1: Swinging Strike 1-2: Hit by Pitch
|
|
Batting: LHB Steve Nevis
|
0-0: Ball 1-0: Ball 2-0: Fielders Choice at 2nd, 4-6 (Groundball, 4, EV 84.4 MPH)
|
|
Batting: RHB Josh Truell
|
0-0: Ball 1-0: Ball 2-0: Called Strike 2-1: Foul Ball, location: 2F 2-2: Strikes out looking
|
|
Batting: RHB Bob Schweiger
|
0-0: Ball 1-0: Called Strike 1-1: Ball 2-1: Swinging Strike 2-2: Strikes out swinging
|
| Top of the 4th over - 0 runs, 0 hits, 0 errors, 1 left on base; Kelowna 1 - Amarillo 1 |
| BOTTOM OF THE 4TH |
|
Amarillo ThunderHeads batting - Pitching for Kelowna Heat : RHP Dan Giles
|
|
Batting: RHB Nick Solberg
|
0-0: Ball 1-0: Ball 2-0: Called Strike 2-1: Ground out 6-3 (Groundball, 6, EV 90.0 MPH)
|
|
Batting: SHB Zack Barton
|
0-0: Called Strike 0-1: Ball 1-1: Called Strike 1-2: Fly out, F9 (Flyball, 9, EV 84.4 MPH)
|
|
Batting: RHB Jerry Foster
|
0-0: Ball 1-0: Called Strike 1-1: Ball 2-1: DOUBLE (Flyball, 5D, EV 97.5 MPH)
|
|
Batting: RHB Luis Solorzano
|
0-0: Called Strike 0-1: SINGLE (Groundball, 34D, EV 102.5 MPH) Jerry Foster to third Runner from 3rd tries for Home, throw by RF and OUT! 9-2
|
| Bottom of the 4th over - 0 runs, 2 hits, 0 errors, 1 left on base; Kelowna 1 - Amarillo 1 |
| TOP OF THE 5TH |
|
Kelowna Heat batting - Pitching for Amarillo ThunderHeads : RHP Manny Campos
|
|
Batting: RHB Miguel Gonzalez
|
0-0: Ball 1-0: Ground out 1-3 (Groundball, 13S, EV 72.5 MPH)
|
|
Batting: RHB Ryan Hoagland
|
0-0: Ground out 4-3 (Groundball, 4MD, EV 82.5 MPH)
|
|
Batting: RHB Sadataka Kuwahara
|
0-0: Called Strike 0-1: Swinging Strike 0-2: SINGLE (Groundball, 56, EV 98.8 MPH)
|
|
Batting: RHB Malik Sharpless
|
Pickoff Throw to First - Out! 1-3
|
| Top of the 5th over - 0 runs, 1 hit, 0 errors, 0 left on base; Kelowna 1 - Amarillo 1 |
| BOTTOM OF THE 5TH |
|
Amarillo ThunderHeads batting - Pitching for Kelowna Heat : RHP Dan Giles
|
|
Batting: LHB Santino Pisanello
|
0-0: SINGLE (Groundball, 3D, EV 107.5 MPH)
|
|
Batting: RHB Ferdi Schipper
|
0-0: Fly out, F8 (Flyball, 89D, EV 96.2 MPH)
|
|
Batting: SHB Tyler Romo
|
0-0: Grounds into double play, 4-6-3 (Groundball, 4D, EV 105.0 MPH)
|
| Bottom of the 5th over - 0 runs, 1 hit, 0 errors, 0 left on base; Kelowna 1 - Amarillo 1 |
| TOP OF THE 6TH |
|
Kelowna Heat batting - Pitching for Amarillo ThunderHeads : RHP Manny Campos
|
|
Batting: RHB Malik Sharpless
|
0-0: Foul Ball, location: 2F 0-1: Swinging Strike 0-2: Strikes out swinging
|
|
Batting: LHB Chris West
|
0-0: Ball 1-0: Ball 2-0: Called Strike 2-1: Foul Ball, location: 2F 2-2: Ball 3-2: Reached on error, E4 (Groundball, 4, EV 80.0 MPH)
|
|
Batting: RHB Frank Pena
|
0-0: Called Strike 0-1: Ball Wild Pitch! Chris West to second 1-1: SINGLE (Groundball, 6M, EV 100.0 MPH) (infield hit) Chris West to third
|
|
Batting: LHB Steve Nevis
|
0-0: Ball 1-0: Fly out, F7 (Flyball, 78S, EV 92.5 MPH)
|
|
Batting: RHB Josh Truell
|
0-0: Called Strike Frank Pena steals 2nd base 0-1: Called Strike 0-2: Ball 1-2: Ball 2-2: Foul Ball, location: 2F 2-2: Foul Ball, location: 2F 2-2: Foul Ball, location: 2F 2-2: Ball 3-2: Intentional Walk
|
|
Pitching: RHP Bryan Bennett
|
|
|
Batting: RHB Bob Schweiger
|
0-0: Called Strike 0-1: Called Strike 0-2: Ball 1-2: Strikes out looking
|
| Top of the 6th over - 0 runs, 1 hit, 1 error, 3 left on base; Kelowna 1 - Amarillo 1 |
| BOTTOM OF THE 6TH |
|
Amarillo ThunderHeads batting - Pitching for Kelowna Heat : RHP Dan Giles
|
|
Batting: SHB Tim Rogers
|
0-0: Ball 1-0: SINGLE (Groundball, 15S, EV 69.4 MPH) (infield hit)
|
|
Batting: RHB Luis Reyna
|
0-0: Ball 1-0: Swinging Strike 1-1: Ball 2-1: Ball 3-1: Fly out, F8 (Flyball, 8LD, EV 98.8 MPH)
|
|
Batting: RHB Nick Solberg
|
0-0: Ball 1-0: Called Strike 1-1: Ball 2-1: Ball 3-1: Fly out, F8 (Flyball, 8RS, EV 88.8 MPH)
|
|
Batting: SHB Zack Barton
|
0-0: Ball 1-0: Called Strike 1-1: Ground out 4-3 (Groundball, 4, EV 86.9 MPH)
|
| Bottom of the 6th over - 0 runs, 1 hit, 0 errors, 1 left on base; Kelowna 1 - Amarillo 1 |
| TOP OF THE 7TH |
|
Kelowna Heat batting - Pitching for Amarillo ThunderHeads : RHP Bryan Bennett
|
|
Batting: RHB Miguel Gonzalez
|
0-0: Ball 1-0: Ball 2-0: Foul Ball, location: 2F 2-1: Called Strike 2-2: Foul Ball, location: 2F 2-2: Foul Ball, location: 2F 2-2: Foul Ball, location: 2F 2-2: Ground out 4-3 (Groundball, 4, EV 88.8 MPH)
|
|
Batting: RHB Ryan Hoagland
|
0-0: Foul Ball, location: 2F 0-1: Ball 1-1: Ground out 1-3 (Groundball, 13, EV 70.0 MPH)
|
|
Batting: RHB Sadataka Kuwahara
|
0-0: Ball 1-0: Ball 2-0: Foul Ball, location: 2F 2-1: Ball 3-1: Called Strike 3-2: Strikes out swinging
|
| Top of the 7th over - 0 runs, 0 hits, 0 errors, 0 left on base; Kelowna 1 - Amarillo 1 |
| BOTTOM OF THE 7TH |
|
Amarillo ThunderHeads batting - Pitching for Kelowna Heat : RHP Dan Giles
|
|
Batting: RHB Jerry Foster
|
0-0: Ball 1-0: Called Strike 1-1: Ball 2-1: Ground out 4-3 (Groundball, 4, EV 88.1 MPH)
|
|
Batting: RHB Luis Solorzano
|
0-0: Ball 1-0: Foul Ball, location: 2F 1-1: Called Strike 1-2: Reached on error, E5 (Groundball, 56, EV 86.2 MPH)
|
|
Batting: LHB Santino Pisanello
|
0-0: Intentional Walk
|
|
Pitching: LHP Sean Binns
|
|
|
Batting: RHB Ferdi Schipper
|
0-0: Fly out, F8 (Flyball, 89XD, EV 91.9 MPH) Runner from 2nd tags up, SAFE at 3rd, no throw by CF
|
|
Pinch Hitting: RHB Elias Sagrero
|
0-0: Ball 1-0: Ball 2-0: Called Strike 2-1: Swinging Strike 2-2: Foul Ball, location: 2F 2-2: Strikes out swinging
|
| Bottom of the 7th over - 0 runs, 0 hits, 1 error, 2 left on base; Kelowna 1 - Amarillo 1 |
| TOP OF THE 8TH |
|
Kelowna Heat batting - Pitching for Amarillo ThunderHeads : RHP Bryan Bennett
|
|
Now at 2B: Elias Sagrero
|
|
|
Batting: RHB Malik Sharpless
|
0-0: Ball 1-0: Called Strike 1-1: Ball 2-1: Called Strike 2-2: Foul Ball, location: 2F 2-2: Ball 3-2: Strikes out swinging
|
|
Batting: LHB Chris West
|
0-0: Ball 1-0: Ball 2-0: Foul Ball, location: 2F 2-1: Ball 3-1: SINGLE (Line Drive, 7S, EV 96.2 MPH)
|
|
Batting: RHB Frank Pena
|
0-0: Swinging Strike 0-1: Called Strike 0-2: Ball 1-2: Strikes out swinging
|
|
Batting: LHB Steve Nevis
|
0-0: Foul Ball, location: 2F 0-1: Ball 1-1: Fielders Choice at 2nd, 5-4 (Groundball, 56, EV 87.5 MPH)
|
| Top of the 8th over - 0 runs, 1 hit, 0 errors, 1 left on base; Kelowna 1 - Amarillo 1 |
| BOTTOM OF THE 8TH |
|
Amarillo ThunderHeads batting - Pitching for Kelowna Heat : LHP Sean Binns
|
|
Batting: SHB Tim Rogers
|
0-0: Ball 1-0: Ground out 6-3 (Groundball, 56D, EV 82.5 MPH)
|
|
Batting: RHB Luis Reyna
|
0-0: Ball 1-0: Foul Ball, location: 2F 1-1: Swinging Strike 1-2: Ball 2-2: Strikes out swinging
|
|
Batting: RHB Nick Solberg
|
0-0: Ball 1-0: Foul Ball, location: 2F 1-1: Called Strike 1-2: Ball 2-2: Strikes out swinging
|
| Bottom of the 8th over - 0 runs, 0 hits, 0 errors, 0 left on base; Kelowna 1 - Amarillo 1 |
| TOP OF THE 9TH |
|
Kelowna Heat batting - Pitching for Amarillo ThunderHeads : RHP Bryan Bennett
|
|
Pitching: RHP Mike Osgood
|
|
|
Batting: RHB Josh Truell
|
0-0: Called Strike 0-1: Called Strike 0-2: Ball 1-2: Ball 2-2: SINGLE (Groundball, 5D, EV 107.5 MPH)
|
|
Batting: RHB Bob Schweiger
|
0-0: Foul Ball, location: 2F 0-1: Grounds into double play, 6-4-3 (Groundball, 6S, EV 82.5 MPH)
|
|
Batting: RHB Miguel Gonzalez
|
0-0: Ball 1-0: Called Strike 1-1: Fly out, F9 (Flyball, 9, EV 91.2 MPH)
|
| Top of the 9th over - 0 runs, 1 hit, 0 errors, 0 left on base; Kelowna 1 - Amarillo 1 |
| BOTTOM OF THE 9TH |
|
Amarillo ThunderHeads batting - Pitching for Kelowna Heat : LHP Sean Binns
|
|
Pitching: RHP Jay Kouns
|
|
|
Batting: SHB Zack Barton
|
0-0: Called Strike 0-1: Ball 1-1: Ball 2-1: Ball 3-1: Called Strike 3-2: Strikes out looking
|
|
Pinch Hitting: SHB Alfonso Chacon
|
0-0: Called Strike 0-1: Foul Ball, location: 2F 0-2: Foul Ball, location: 2F 0-2: Ball 1-2: Ball 2-2: Ball 3-2: Strikes out swinging
|
|
Batting: RHB Luis Solorzano
|
0-0: Called Strike 0-1: Foul Ball, location: 2F 0-2: Strikes out swinging
|
| Bottom of the 9th over - 0 runs, 0 hits, 0 errors, 0 left on base; Kelowna 1 - Amarillo 1 |
| TOP OF THE 10TH |
|
Kelowna Heat batting - Pitching for Amarillo ThunderHeads : RHP Mike Osgood
|
|
Now in LF: Kelly Cole
|
|
|
Batting: RHB Ryan Hoagland
|
0-0: Ball 1-0: Ball 2-0: Called Strike 2-1: Foul Ball, location: 2F 2-2: Foul Ball, location: 2F 2-2: Ball 3-2: Strikes out looking
|
|
Batting: RHB Sadataka Kuwahara
|
0-0: Called Strike 0-1: Ball 1-1: Ball 2-1: Ball 3-1: Fly out, F6 (Popup, 6MS, EV 75.0 MPH)
|
|
Batting: RHB Malik Sharpless
|
0-0: Swinging Strike 0-1: Swinging Strike 0-2: Strikes out swinging
|
| Top of the 10th over - 0 runs, 0 hits, 0 errors, 0 left on base; Kelowna 1 - Amarillo 1 |
| BOTTOM OF THE 10TH |
|
Amarillo ThunderHeads batting - Pitching for Kelowna Heat : RHP Jay Kouns
|
|
Batting: LHB Santino Pisanello
|
0-0: Swinging Strike 0-1: Reached on error, E2 (Groundball, 2L, EV 73.1 MPH)
|
|
Batting: RHB Ferdi Schipper
|
0-0: Ball 1-0: Called Strike 1-1: Foul Ball, location: 2F 1-2: Foul Ball, location: 2F 1-2: Ball 2-2: SINGLE (Groundball, 25, EV 70.6 MPH) (infield hit) Santino Pisanello to third
|
|
Batting: RHB Elias Sagrero
|
0-0: Called Strike Ferdi Schipper steals 2nd base (no throw) 0-1: DOUBLE (Line Drive, 9D, EV 95.0 MPH) Santino Pisanello scores
|
| Bottom of the 10th over - 1 run, 2 hits, 1 error, 0 left on base; Kelowna 1 - Amarillo 2 |
| |
|
Game Over ... Amarillo defeats Kelowna, 2 to 1
|
|
|